 Dungeon Crawl Stone Soup version 0.23-a0-629-gae4348f (webtiles) character file.

544 galech the Chopper (level 7, 0/54 HPs)
             Began as a Demonspawn Fighter on Dec 26, 2018.
             Slain by an orc
             ... wielding a +0 trident
              (6 damage)
             ... on level 5 of the Dungeon.
             The game lasted 00:03:51 (3384 turns).

galech the Chopper (Demonspawn Fighter)             Turns: 3384, Time: 00:03:52

Health: 0/54       AC: 18    Str: 16    XL:     7   Next: 6%
Magic:  7/7        EV: 10    Int:  9    God:
Gold:   266        SH: 10    Dex: 20    Spells: 6/6 levels left

rFire    . . .     SeeInvis .   a - +0 war axe
rCold    + . .     Gourm    .   c - +0 shield
rNeg     . . .     Faith    .   d - +2 chain mail {rC+}
rPois    .         Spirit   .   j - +2 hat
rElec    .         Reflect  .   (no cloak)
rCorr    .         Harm     +   o - +0 pair of gloves
MR       .....                  (no boots)
Stlth    +.........             g - amulet of harm
HPRegen  0.18/turn              (no ring)
MPRegen  0.10/turn              (no ring)

@: agile, studying Axes
A: antennae 1, iridescent scales 2, nightstalker 1, powered by death 2
a: no special abilities


You were on level 5 of the Dungeon.
You were not hungry.

You visited 1 branch of the dungeon, and saw 5 of its levels.

You collected 266 gold pieces.

Inventory:

Hand Weapons
 a - a +0 war axe (weapon)
Armour
 b - a +0 scale mail
 c - a +0 shield (worn)
 d - a +2 chain mail of cold resistance (worn)
 j - a +2 hat (worn)
 o - a +0 pair of gloves (worn)
Jewellery
 g - an amulet of harm (around neck)
 x - an uncursed ring of see invisible {unknown}
Scrolls
 h - a scroll of magic mapping {unknown}
 i - a scroll of remove curse {unknown}
 k - a scroll of amnesia {unknown}
 m - 6 scrolls of identify {unknown}
 n - a scroll of enchant armour {unknown}
 p - 4 scrolls of teleportation {unknown}
 q - a scroll of fog {unknown}
 s - a scroll of random uselessness {unknown}
 v - 3 scrolls of immolation {unknown}
 w - a scroll of fear {unknown}
 y - a scroll of noise {unknown}
Potions
 e - 4 potions of lignification {unknown}
 l - a potion of agility
 r - 2 potions of ambrosia {unknown}
 t - 3 potions of flight {unknown}
 u - a potion of heal wounds {unknown}
 A - a potion of curing {unknown}
Books
 B - a manual of Axes
Comestibles
 f - 11 rations
 z - 5 chunks of flesh


   Skills:
 + Level 4.0 Fighting
 + Level 5.0 Axes
 + Level 3.7 Armour
 + Level 1.2 Dodging
 + Level 4.1 Shields


You had 6 spell levels left.
You didn't know any spells.
Your spell library was empty.

Dungeon Overview and Level Annotations

Branches:
Dungeon (5/15)
 Temple: D:4-7

Altars:
Cheibriados

Shops:
D:4 (


Innate Abilities, Weirdness & Mutations

You have a pair of small antennae on your head.
You are mostly covered in iridescent scales. (AC +4)
You are slightly more attuned to the shadows.
You regenerate health from kills.


Message History

The orc warrior is moderately wounded.
You block the orc's attack.
The orc warrior hits you with a +0 mace!
* * * LOW HITPOINT WARNING * * *
The orc closely misses you.
You completely miss the orc warrior.
The orc warrior is moderately wounded.
You block the orc warrior's attack. The orc barely misses you.
The orc warrior barely misses you.
You closely miss the orc warrior.
The orc warrior is moderately wounded.
The orc closely misses you.
The orc warrior hits you but does no damage.
You hit the orc warrior.
The orc warrior is severely wounded.
You block the orc's attack. You block the orc warrior's attack.
You closely miss the orc warrior.
The orc warrior is severely wounded.
The orc hits you from afar with a +0 trident.
You die...

#..##.##..###.##
#.........# #.#
#..#..###.# #.#
#.. #......# +#
..###รท.##### ..
. #.#..# ...
###.o..# ....
#.#o#..###.....
###..@#....'.....
#...###))###.....
###.####).## .o..
##..###....# ...
#.###o..##.# .o
### .......# '
##.##### .


You could see an orc warrior and an orc.

Vanquished Creatures
  A sky beast (D:4)
  A centaur (D:5)
  A scorpion (D:4)
  2 orc priests (D:5)
  A hound (D:5)
  An iguana (D:5)
  Terence (D:3)
  An orc wizard (D:4)
  A hound skeleton (D:2)
  3 gnolls (D:4)
  4 adders
  A shadow imp (D:5)
  2 dart slugs
  A leopard gecko (D:4)
  6 orcs
  3 ball pythons
  4 giant cockroaches
  8 hobgoblins
  7 jackals (D:1)
  5 bats
  5 frilled lizards
  2 goblins
  10 kobolds
  6 rats
77 creatures vanquished.

Notes
Turn   | Place    | Note
-------+----------+-------------------------------------------
     0 | D:1      | galech the Demonspawn Fighter began the quest for the Orb.
     0 | D:1      | Reached XP level 1. HP: 18/18 MP: 1/1
    58 | D:1      | Gained mutation: You regenerate a little health from kills.
                  | [demonic ancestry]
    58 | D:1      | Reached XP level 2. HP: 7/24 MP: 2/2
   296 | D:1      | Reached skill level 2 in Axes
   437 | D:1      | You fall through a shaft!
   564 | D:1      | Gained mutation: You regenerate health from kills. [demonic
                  | ancestry]
   564 | D:1      | Reached XP level 3. HP: 29/29 MP: 3/3
  1408 | D:2      | Gained mutation: You have a pair of small antennae on your
                  | head. [demonic ancestry]
  1408 | D:2      | Reached XP level 4. HP: 35/35 MP: 4/4
  1610 | D:3      | Noticed Terence
  1627 | D:3      | Killed Terence
  1627 | D:3      | Reached skill level 3 in Axes
  2121 | D:4      | Gained mutation: You are slightly more attuned to the
                  | shadows. [demonic ancestry]
  2121 | D:4      | Reached XP level 5. HP: 15/41 MP: 5/5
  2409 | D:4      | Found a snail-covered altar of Cheibriados.
  2528 | D:4      | Noticed a sky beast
  2538 | D:4      | Killed a sky beast
  2603 | D:4      | Gained mutation: You are partially covered in iridescent
                  | scales. (AC +2) [demonic ancestry]
  2603 | D:4      | Reached XP level 6. HP: 47/47 MP: 6/6
  2723 | D:4      | Reached skill level 4 in Axes
  2938 | D:4      | Found Qinnomom's Weapon Shop.
  3132 | D:5      | Entered Level 5 of the Dungeon
  3157 | D:5      | Reached skill level 1 in Dodging
  3242 | D:5      | Noticed an orc warrior
  3255 | D:5      | Gained mutation: You are mostly covered in iridescent
                  | scales. (AC +4) [demonic ancestry]
  3255 | D:5      | Reached XP level 7. HP: 35/53 MP: 7/7
  3260 | D:5      | Reached skill level 5 in Axes
  3384 | D:5      | Slain by an orc

Vault maps used:
D:1:      nzn_arrival_crosshair
D:2:      first_ration
D:3:      uniq_terence
D:4:      kennysheep_slug_shrine, serial_shops, shop,
          minmay_misc_feat_secret_circle, minmay_close_crescents
D:5:      minmay_temple_entry_waves, minmay_manual_mandibuliform, uniq_pikel

Skill      XL: |  1  2  3  4  5  6  7 |
---------------+----------------------+-----
Shields        | 3 4 |  4.1
Armour         | 3 |  3.7
Axes           | 2 3 4 5 |  5.0
Dodging        | 1 |  1.2
Fighting       | 4 |  4.0

Action                   |  1- 3 |  4- 6 |  7- 9 || total
-------------------------+-------+-------+-------++-------
Melee: War axe           |   153 |   146 |    20 ||   319
  Use: Potion            |       |     1 |     1 ||     2
  Eat: Chunk             |     2 |     6 |     1 ||     9
Armor: Scale mail        |    62 |    25 |       ||    87
       Chain mail        |       |    67 |     8 ||    75
Dodge: Dodged            |    47 |    45 |     6 ||    98
Block: Shield            |    91 |    84 |    14 ||   189

Table legend:
 A = Non-vault XP
 B = Vault XP
 C = Vault XP percentage of total XP
 D = Non-vault monster count
 E = Vault monster count
 F = Vault count percentage of total count
                 A         B        C        D         E       F
            +---------+---------+-------+---------+---------+-------
      Total |     648 |     130 |  16.7 |      71 |       6 |   7.8
            +---------+---------+-------+---------+---------+-------
        D:1 |      43 |       0 |   0.0 |      25 |       0 |   0.0
        D:2 |      55 |       0 |   0.0 |      18 |       0 |   0.0
        D:3 |      20 |      36 |  64.3 |       7 |       1 |  12.5
        D:4 |     328 |       6 |   1.8 |      17 |       2 |  10.5
        D:5 |     202 |      88 |  30.3 |       4 |       3 |  42.9
            +---------+---------+-------+---------+---------+-------
